 Dungeon Crawl Stone Soup version 0.28-a0-1130-gc51a68064b (webtiles) character file.

Game seed: 6688435787690601305

8056 ragingrage the Cleaver (level 11, -5/66 HPs)
             Began as a Gargoyle Artificer on Dec 12, 2021.
             Was a High Priest of Okawaru.
             Slain by a komodo dragon (22 damage)
             ... on level 10 of the Dungeon.
             The game lasted 00:15:48 (12322 turns).

ragingrage the Cleaver (Gargoyle Artificer)        Turns: 12322, Time: 00:15:48

Health: -5/66      AC: 17    Str: 19    XL:     11   Next: 24%
Magic:  0/11       EV: 10    Int: 11    God:    Okawaru [*****.]
Gold:   465        SH:  5    Dex: 12    Spells: 10/10 levels left

rFire   . . .      SeeInvis .   m - +2 hand axe of Beyond {flame, rElec}
rCold   . . .      Faith    .   y - +2 buckler
rNeg    + . .      Spirit   +   H - +0 steam dragon scales
rPois   ∞          Reflect  .   (no helmet)
rElec   +          Harm     .   (no cloak)
rCorr   .          Rampage  .   F - +2 pair of gloves
Will    +....                   o - +0 pair of boots
Stlth   ++........              h - amulet of guardian spirit
HPRegen 0.21/turn               t - +4 ring of slaying
MPRegen 0.12/turn               i - ring of willpower

@: slowed, very slow
A: sickness immunity, AC +8, negative energy resistance 1, electricity
resistance, torment resistance 1, petrification resistance
a: Renounce Religion, Heroism, Finesse, Duel


You were on level 10 of the Dungeon.
You worshipped Okawaru.
Okawaru was extremely pleased with you.
You visited 2 branches of the dungeon, and saw 13 of its levels.

You collected 465 gold pieces.

Inventory:

Hand Weapons
 a - a +3 short sword of electrocution
 b - a +1 dagger of venom
 l - a +0 war axe
 m - the +2 hand axe of Beyond (weapon) {flame, rElec}
   (You found it on level 7 of the Dungeon)

   It burns those it strikes, dealing additional fire damage.
   Big, fiery blades are also staple armaments of hydra-hunters.
   rElec:     It insulates you from electricity.
 q - a +1 short sword of flaming
 G - a +4 dire flail
Missiles
 z - a throwing net
 C - a curare-tipped dart
Armour
 o - a +0 pair of boots (worn)
 y - a +2 buckler (worn)
 F - a +2 pair of gloves (worn)
 H - +0 steam dragon scales (worn)
Jewellery
 d - a ring of ice
 h - an amulet of guardian spirit (around neck)
 i - a ring of willpower (right hand)
 t - a +4 ring of slaying (left hand)
Wands
 c - a wand of flame (14) (quivered)
 f - a wand of paralysis (6)
 A - a wand of digging (4)
 I - a wand of iceblast (7)
Scrolls
 g - 2 scrolls of teleportation
 p - a scroll of immolation {unknown}
 r - 2 scrolls of identify
 s - a scroll of fog
 u - a scroll of noise {unknown}
 v - 2 scrolls of magic mapping
 w - 3 scrolls of blinking
 x - a scroll of acquirement {unknown}
 B - a scroll of enchant armour {unknown}
 D - 2 scrolls of enchant weapon
Potions
 j - 2 potions of curing
 k - 3 potions of brilliance
 n - 4 potions of heal wounds
 E - 2 potions of cancellation
Miscellaneous
 e - a piece from Xom's chessboard (14/15)
 J - a tin of tremorstones (2/2)


   Skills:
 - Level 6.6 Fighting
 * Level 11.8 Axes
 - Level 2.1 Armour
 - Level 0.7 Dodging
 - Level 1.1 Stealth
 - Level 9.2 Evocations


You had 10 spell levels left.
You didn't know any spells.
Your spell library contained the following spells:

 Spells                   Type           Power      Damage    Failure   Level
 Freeze                   Ice            0%         1d3       52%         1
 Pain                     Necr           0%         1d4       52%         1
 Passwall                 Tmut/Erth      0%         N/A       65%         2
 Frozen Ramparts          Ice            0%         1d2       87%         3
 Portal Projectile        Hex/Tloc       0%         N/A       87%         3
 Stone Arrow              Conj/Erth      0%         3d7       87%         3
 Swiftness                Air            0%         N/A       87%         3
 Vampiric Draining        Necr           0%         2d6       87%         3
 Hailstorm                Conj/Ice       0%         3d3       99%         4
 Leda's Liquefaction      Hex/Erth       0%         N/A       99%         4
 Lehudib's Crystal Spear  Conj/Erth      0%         10d2      100%        8
 Animate Skeleton         Necr           Unusable   N/A       N/A         1
 Call Canine Familiar     Summ           Unusable   N/A       N/A         3
 Animate Armour           Summ/Erth      Unusable   N/A       N/A         4

Dungeon Overview and Level Annotations

Branches:
Dungeon (12/15)            Temple (1/1) D:4
   Lair: D:8-11         Orc: D:9-12

Altars:
Ashenzari
Dithmenos
Elyvilon
Fedhas
Gozag
Hepliaklqana
Kikubaaqudgha
Makhleb
Nemelex Xobeh
Okawaru
Qazlal
Ru
Sif Muna
Trog
Uskayaw
Vehumet
Wu Jian
Xom
Yredelemnul
Zin

Shops:
D:1 [   D:8 :

Annotations:
D:10 exclusion: ice statue


Innate Abilities, Weirdness & Mutations

You are immune to sickness and miasma.
Your stone body is resilient. (AC +8)
You are immune to poison.
You resist negative energy. (rN+)
You are resistant to electric shocks. (rElec)
You are resistant to unholy torment.
You are immune to petrification.


Message History

The wyvern bites you.
You hit the wyvern. You burn the wyvern.
The wyvern is moderately wounded.
The wyvern bites you but does no damage. x2
You hit the wyvern. You burn the wyvern.
The wyvern is heavily wounded.
The wyvern bites you.
You hit the wyvern but do no damage.
The wyvern is heavily wounded.
The wyvern barely misses you.
The wyvern bites you but does no damage.
You closely miss the wyvern.
The wyvern is heavily wounded.
The wyvern bites you! The wyvern closely misses you.
You hit the wyvern. You burn the wyvern.
The wyvern is severely wounded.
The wyvern barely misses you.
The wyvern hisses menacingly.
The wyvern closely misses you.
You barely miss the wyvern.
The wyvern is severely wounded.
The wyvern bites you! You block the wyvern's attack.
You hit the wyvern but do no damage.
The wyvern is severely wounded.
The wyvern barely misses you. The wyvern bites you!
* * * LOW HITPOINT WARNING * * *
You hit the wyvern. You burn the wyvern.
The wyvern is almost dead.
You block the wyvern's attack.
You hit the wyvern. You burn the wyvern.
You kill the wyvern!
Okawaru accepts your kill.
You hit the komodo dragon. You burn the komodo dragon.
The komodo dragon is lightly wounded.
The komodo dragon barely misses you.
Unknown command.
You are too injured to fight recklessly!
You make a move on Xom's chessboard...
The wraith easily resists.
The komodo dragon bites you!!
You die...

....# #....≈≈
...... ...[..
##### ###
#.#####.####
###...@lW....#
#####
#.....###.....
.##.## ####..##..#
...
.....###...#######
# #####...####
#.###.# ### ###


You could see a komodo dragon and a wraith.

Vanquished Creatures
  Josephine (D:10)
  Erica (D:8)
  A two-headed ogre (D:10)
  An ugly thing (D:11)
  Maurice (D:8)
  4 wraiths
  A wyvern (D:10)
  A basilisk (D:10)
  Grum (D:8)
  3 yaks (D:8)
  2 steam dragons (D:7)
  An acid dragon (D:8)
  2 water moccasins
  2 sky beasts
  3 ice beasts
  A necrophage (D:6)
  3 orc warriors
  An ogre (D:7)
  3 wolves (D:8)
  2 centaurs
  A phantom (D:7)
  A kobold brigand (D:9)
  9 killer bees (D:8)
  3 howler monkeys
  5 wights (D:7)
  5 electric eels (D:10)
  A centaur zombie (D:8)
  A hound (D:5)
  5 orc priests
  A gnoll shaman (D:5)
  3 jellies
  A bullfrog skeleton (D:6)
  Natasha (thrice) (D:3)
  3 iguanas
  12 orc wizards
  2 hound skeletons (D:4)
  17 gnolls
  7 adders
  A white imp (D:8)
  2 ufetubi
  A worm (D:2)
  2 dart slugs
  32 orcs
  5 bats
  6 endoplasms
  5 giant cockroaches
  7 goblins
  7 hobgoblins
  9 jackals
  11 kobolds
  2 quokkas
  5 ball pythons
  2 frilled lizards (D:1)
  3 rats
215 creatures vanquished.

Notes
Turn   | Place    | Note
-------+----------+-------------------------------------------
     0 | D:1      | ragingrage the Gargoyle Artificer began the quest for the
                  | Orb.
     0 | D:1      | Reached XP level 1. HP: 12/12 MP: 1/1
   318 | D:1      | Reached XP level 2. HP: 17/17 MP: 2/2
   518 | D:1      | Found a faded altar of an unknown god.
   577 | D:1      | Found Suesm's Armour Boutique.
   741 | D:1      | Reached XP level 3. HP: 19/21 MP: 3/3
  1884 | D:2      | Reached XP level 4. HP: 27/27 MP: 4/4
  2201 | D:3      | Found a shadowy altar of Dithmenos.
  2237 | D:3      | Noticed Natasha
  2248 | D:3      | Killed Natasha
  2351 | D:3      | Reached XP level 5. HP: 32/32 MP: 5/5
  2405 | D:3      | Noticed Natasha
  2430 | D:3      | Killed Natasha
  2678 | D:3      | Noticed Natasha
  2689 | D:3      | Killed Natasha
  2944 | D:3      | Found a sacrificial altar of Ru.
  3397 | D:4      | Found a staircase to the Ecumenical Temple.
  3440 | Temple   | Entered the Ecumenical Temple
  3684 | D:4      | Reached XP level 6. HP: 39/39 MP: 6/6
  3751 | D:4      | Found an ancient bone altar of Kikubaaqudgha.
  3954 | D:4      | Identified the +0 spear of Boewes {spect, rCorr Str+2
                  | Int-4}
  4292 | D:5      | Entered Level 5 of the Dungeon
  4383 | D:5      | Reached skill level 5 in Fighting
  4383 | D:5      | Reached skill level 5 in Evocations
  4415 | D:5      | Found an iron altar of Okawaru.
  4472 | D:5      | Became a worshipper of Warmaster Okawaru
  4989 | D:5      | Found a sparkling altar of Nemelex Xobeh.
  5316 | D:5      | Reached XP level 7. HP: 44/44 MP: 7/7
  6083 | D:6      | Reached * piety under Okawaru
  6310 | D:6      | Reached skill level 1 in Axes
  6310 | D:6      | Reached XP level 8. HP: 52/52 MP: 8/8
  6456 | D:6      | Reached skill level 2 in Axes
  6518 | D:6      | Reached skill level 3 in Axes
  6559 | D:6      | Reached ** piety under Okawaru
  6932 | D:7      | Found a broken altar of Ashenzari.
  7010 | D:7      | Reached skill level 4 in Axes
  7224 | D:7      | Reached skill level 5 in Axes
  7308 | D:7      | Reached *** piety under Okawaru
  7309 | D:7      | Reached XP level 9. HP: 18/56 MP: 3/9
  7675 | D:7      | Found an opulent altar of Gozag.
  7964 | D:7      | Identified the +2 hand axe of Beyond {flame, rElec}
  8054 | D:7      | Found a glowing silver altar of Zin.
  8216 | D:8      | Noticed Maurice
  8270 | D:7      | Reached skill level 6 in Axes
  8310 | D:8      | Found Maseckasiu's Book Shoppe.
  8441 | D:8      | Reached **** piety under Okawaru
  8442 | D:8      | Reached skill level 7 in Axes
  8669 | D:8      | Found a stormy altar of Qazlal.
  8987 | D:8      | Noticed Grum
  9060 | D:8      | Reached skill level 8 in Axes
  9060 | D:8      | Reached XP level 10. HP: 23/61 MP: 4/10
  9067 | D:8      | Killed Grum
  9467 | D:8      | Noticed Erica
  9502 | D:8      | Killed Erica
  9786 | D:8      | Reached skill level 9 in Axes
 10044 | D:8      | Killed Maurice
 10044 | D:8      | Reached ***** piety under Okawaru
 11139 | D:9      | You fall into a shaft and drop 3 floors!
 11139 | D:12     | Noticed a deep elf pyromancer
 11146 | D:12     | Noticed a cyan ugly thing
 11148 | D:12     | Noticed a green ugly thing
 11171 | D:11     | Killed a cyan ugly thing
 11172 | D:11     | Reached skill level 10 in Axes
 11407 | D:11     | Found a glowing silver altar of Zin.
 11407 | D:11     | Noticed an angel
 11478 | D:10     | Entered Level 10 of the Dungeon
 11817 | D:10     | Noticed a two-headed ogre
 11827 | D:10     | Killed a two-headed ogre
 11828 | D:10     | Reached XP level 11. HP: 66/66 MP: 11/11
 11892 | D:10     | Reached skill level 11 in Axes
 12116 | D:10     | Found a blossoming altar of Fedhas.
 12262 | D:10     | Noticed Josephine
 12288 | D:10     | Killed Josephine
 12322 | D:10     | Slain by a komodo dragon

Illustrated notes

Levels and vault maps discovered:
D:1:      dpeg_cavernosity, layout_basic, serial_shops, shop,
          shapermc_ecumenical_altar_acropolis, columned_hall_lemuel
D:2:      layout_basic, minmay_tetromino_t2
D:3:      layout_basic, nicolae_ru_path_of_blood, grunt_dithmenos_smoke,
          grunt_decor_cap, uniq_natasha
D:4:      layout_loops_ring, mainiacjoe_overflow_cross_hatched,
          minmay_temple_entry_mist
D:5:      layout_basic, mainiacjoe_overflow_alcove_4,
          mainiacjoe_overflow_catwalk, serial_co_window_serial,
          co_window_corner_a, co_window_corner_a, co_window_paths_a,
          co_window_corner_a, co_window_of_opportunity_a, co_window_2corner,
          co_window_of_opportunity_c, co_window_corner_b, co_window_broadway_c,
          co_window_4corner_b, glass_columns_a, chequers_serial_rivers_micro_a
D:6:      layout_gridville
D:7:      layout_cave_pools, grunt_temple_overflow_gold_and_silver,
          ashenzari_altar_1
D:8:      layout_loops_ring, nicolae_qazlal_general_emergency, serial_shops,
          kennysheep_little_box, uniq_maurice, uniq_erica, uniq_grum
D:9:      layout_roguey, mainiacjoe_overflow_brackets, hex_large,
          serial_bayou_lagoon_a
D:10:     layout_basic, lemuel_round_altar, marbit_many_paths, erik_lair_dragon,
          minivault_15, minmay_misc_feat_x, uniq_urug, uniq_joseph,
          uniq_josephine
D:11:     layout_irregular_city, orc_0_dummy, enter_trove_3, zin_angel
D:12:     layout_rooms, minmay_fractal_squares_diagonal_5, uniq_nessos
Temple:   jpeg_temple_alley_garden

Skill      XL: |  1  2  3  4  5  6  7  8  9 10 11 |
---------------+----------------------------------+-----
Evocations     | 3 4 5 6 7 8 9 |  9.2
Fighting       | 2 3 4 5 6 |  6.6
Axes           | 1 5 8 10 11 | 11.8
Armour         | |  2.1
Dodging        | |  0.7
Stealth        | |  1.1

Action                   |  1- 3 |  4- 6 |  7- 9 | 10-12 || total
-------------------------+-------+-------+-------+-------++-------
Melee: Trident           |    77 |       |       |       ||    77
       Staff             |     3 |       |       |       ||     3
       Dagger            |    36 |    99 |    90 |   159 ||   384
       Short sword       |       |    83 |   217 |       ||   300
       Hand axe          |       |       |       |   127 ||   127
Throw: Throwing net      |       |       |       |     2 ||     2
Invok: Heroism           |       |       |     3 |     4 ||     7
Evoke: Wand              |       |       |     4 |     9 ||    13
       Piece from Xom's  |       |       |     1 |     3 ||     4
  Use: Scroll            |       |       |     5 |     4 ||     9
       Potion            |       |       |       |     6 ||     6
 Stab: Sleeping          |     2 |     2 |       |       ||     4
       Paralysed         |       |       |     2 |     5 ||     7
       Petrified         |       |       |       |    11 ||    11
Armor: Leather armour    |    47 |    70 |    86 |       ||   203
       Steam dragon scal |       |       |    49 |   103 ||   152
Dodge: Dodged            |    68 |    97 |   138 |   116 ||   419
Block: Buckler           |       |    12 |    72 |    41 ||   125

Table legend: (Time is in decaauts)
 A = Elapsed time spent in this place.
 B = Non-inter-level travel time spent in this place.
 C = Inter-level travel time spent in this place.
 D = Time resting spent in this place.
 E = Time spent auto-exploring this place.
 F = Levels seen in this place.
 G = Mean time per level.
                   A        B        C        D        E       F      G
               +--------+--------+--------+--------+--------+-----+--------+
         Total |  12379 |  11948 |    431 |   2164 |   7422 |  13 |  952.2 |
       Dungeon |  12175 |  11779 |    396 |   2164 |   7258 |  12 | 1014.6 |
        Temple |    204 |    169 |     35 |      0 |    164 |   1 |  204.0 |
               +--------+--------+--------+--------+--------+-----+--------+

Top non-repeatable levels by time:
     D:8: 2514 daAuts
     D:6: 1488 daAuts
     D:7: 1385 daAuts
     D:3: 1320 daAuts
     D:5: 1136 daAuts
     D:2: 1054 daAuts
     D:1: 991 daAuts
    D:10: 833 daAuts
     D:4: 753 daAuts
     D:9: 361 daAuts
    D:11: 320 daAuts
  Temple: 204 daAuts
    D:12: 14 daAuts
